 Dungeon Crawl Stone Soup version 0.30.1 (webtiles) character file.

Game seed: 5149855531853136834

4110 cdecastro the Basher (level 10, -20/104 HPs)
             Began as a Troll Fighter on July 3, 2023.
             Was an Elder of the Shining One.
             Killed by the air
             ... invoked by Gastronok
              (30 damage)
             ... on level 8 of the Dungeon.
             The game lasted 00:13:32 (7046 turns).

cdecastro the Basher (Troll Fighter)                Turns: 7046, Time: 00:13:34

Health: -20/104    AC: 11    Str: 26    XL:     10   Next: 6%
Magic:  9/9        EV:  8    Int:  4    God:    the Shining One [****..]
Gold:   687        SH:  8    Dex: 13    Spells: 9/9 levels left

rFire   + .          .
                       - Unarmed
rCold   + . .        b - +0 kite shield
rNeg    + + .        M - +0 swamp dragon scales
rPois   +            H - +2 hat
rElec   .            y - scarf {rC+ rF+}
rCorr   .            (gloves unavailable)
SInv    .            (boots unavailable)
Will    .....        (no amulet)
Stlth   +            (no ring)
HPRegen 1.17/turn    (no ring)
MPRegen 0.11/turn

%: no passive effects
@: slowed, glowing, very slow
A: large, unfitting armour, claws 3, regeneration 1, shaggy fur 1, tough skin 1
a: Renounce Religion, Divine Shield, Cleansing Flame


You were on level 8 of the Dungeon.
You worshipped the Shining One.
The Shining One was greatly pleased with you.
You visited 2 branches of the dungeon, and saw 9 of its levels.
You also visited: Ossuary.

You collected 687 gold pieces.

Inventory:

Hand Weapons
 a - a +1 morningstar of flaming
 r - a +0 mace
 F - a +0 giant spiked club
 K - a +5 hand axe
Missiles
 k - 4 atropa-tipped darts
 s - 38 poisoned darts (quivered)
Armour
 b - a +0 kite shield (worn)
 y - a scarf of resistance (worn)
 G - a +0 tower shield
 H - a +2 hat (worn)
 J - a +0 robe of cold resistance
 L - a +1 robe of willpower
 M - +0 swamp dragon scales (worn)
 Q - the +4 robe of a bazaar {rCorr MP+9 Stlth-}
   (You found it on level 8 of the Dungeon)

   MP:        It affects your magic capacity (+9).
   rCorr:     It protects you from acid and corrosion.
   Stlth:     It makes you less stealthy.
Jewellery
 C - the ring "Nibuqeclu" {Fire +Blink rPois Slay-3}
   (You found it on level 4 of the Dungeon)

   [ring of fire]

   It enhances your fire magic.
   Slay:      It affects your accuracy & damage with ranged weapons and melee
   (-3).
   rF:        It protects you from fire.
   rC:        It makes you vulnerable to cold.
   rPois:     It protects you from poison.
   +Blink:    It lets you blink.
 P - a ring of magical power
Wands
 R - a wand of flame (9)
 S - a wand of iceblast (9)
 T - a wand of charming (7)
Scrolls
 d - 3 scrolls of enchant weapon {unknown}
 e - a scroll of torment {unknown}
 f - 2 scrolls of fear {unknown}
 g - 3 scrolls of poison {unknown}
 i - a scroll of magic mapping {unknown}
 l - 2 scrolls of vulnerability {unknown}
 p - 2 scrolls of acquirement {unknown}
 q - 5 scrolls of teleportation {unknown}
 t - 2 scrolls of immolation {unknown}
 u - 3 scrolls of blinking {unknown}
 v - a scroll of fog {unknown}
 D - 2 scrolls of butterflies {unknown}
 I - 2 scrolls of amnesia {unknown}
 N - a scroll of noise {unknown}
Potions
 c - 2 potions of might
 h - a potion of degeneration {unknown}
 j - 11 potions of mutation
 m - 3 potions of attraction
 n - 4 potions of flight
 o - a potion of brilliance {unknown}
 w - 4 potions of invisibility
 x - 4 potions of lignification
 z - a potion of ambrosia {unknown}
 A - 3 potions of haste
 B - 5 potions of curing {unknown}
 E - a potion of heal wounds {unknown}
 O - a potion of cancellation {unknown}


   Skills:
 + Level 8.2 Fighting
 * Level 10.1 Maces & Flails
 - Level 2.4 Dodging
 - Level 2.6 Shields
 - Level 2.8 Unarmed Combat


You had 9 spell levels left.
You didn't know any spells.
Your spell library contained the following spells:

 Spells                   Type           Power      Damage    Failure   Level
 Apportation              Tloc           0%         N/A       88%         1
 Necrotise                Necr           0%         1d4       88%         1
 Summon Small Mammal      Summ           0%         N/A       88%         1


Dungeon Overview and Level Annotations

Branches:
Dungeon (8/15)             Temple (1/1) D:6         Ossuary (visited)
   Lair: D:8-11

Altars:
Ashenzari
Dithmenos
Elyvilon
Fedhas
Gozag
Hepliaklqana
Kikubaaqudgha
Makhleb
Nemelex Xobeh
Okawaru
Qazlal
Ru
Sif Muna
Trog
Uskayaw
Vehumet
Wu Jian
Xom
Yredelemnul
Zin
The Shining One

Shops:
D:1 =

Annotations:
D:4 3 runed translucent doors, DemonSlayer's ghost, amateur DsEE
D:8 Gastronok


Innate Abilities, Weirdness & Mutations

You are too large for most types of armour.
You have claws for hands.
Your natural rate of healing is unusually fast.
You are covered in fur. (AC +1)
You have tough skin. (AC +1)


Message History

The bat barely misses you. The rat closely misses you.
Gastronok barely misses you.
You scratch Gastronok but do no damage.
Gastronok is heavily wounded.
You block the bat's attack. The rat closely misses you.
The bat hits you but does no damage. Gastronok bites you!! The rat bites you.
You claw Gastronok!
Gastronok is severely wounded.
The bat hits you but does no damage. The rat bites you but does no damage.
The bat closely misses you.
You take on a slight green cast.
You claw Gastronok!
Gastronok is severely wounded.
The bat hits you but does no damage. The rat bites you but does no damage.
The rat bites you. Gastronok bites you!
You claw Gastronok!
Gastronok is severely wounded.
You block the bat's attack. The bat barely misses you. The rat bites you.
The bat hits you but does no damage. The rat bites you but does no damage.
You scratch Gastronok but do no damage.
Gastronok is severely wounded.
The bat barely misses you. The rat closely misses you.
Gastronok waves his eye-stalks in wide circles.
The air twists around and strikes you!!
* * * LOW HITPOINT WARNING * * *
You block the bat's attack.
You scratch Gastronok.
Gastronok is severely wounded.
The bat hits you but does no damage. You block the rat's attack.
Gastronok bites you!!
* * * LOW HITPOINT WARNING * * *
The rat barely misses you. The bat hits you.
* * * LOW HITPOINT WARNING * * *
You claw Gastronok!
Gastronok is severely wounded.
The bat hits you but does no damage. The rat closely misses you.
You block the bat's attack.
Gastronok waves his eye-stalks in wide circles.
The air twists around and strikes you!!
You die...

#.....#
#.#####
#####.#...
..#...#..#
#.#.####.#
#.#.#.†..#
#r#.#.####
#w#......#
#.@b##.#.#
#r.......#
#.#.#.####
#<#.#...
###.####.#
..# .. ###
#


You could see Gastronok, a quokka (summoned), a bat (summoned) and a rat
(summoned).

Vanquished Creatures
  Pikel (D:8)
  Maggie (D:7)
  Prince Ribbit (D:5)
  A water moccasin (D:6)
  3 ice beasts
  A black bear (D:8)
  2 ogres
  2 lemures (D:8)
  A phantom (D:6)
  A kobold brigand (D:8)
  5 bullfrogs
  4 scorpions
  13 wights
  3 killer bees (D:8)
  4 howler monkeys
  A jelly (D:5)
  An orc priest (D:6)
  2 gnoll boudas
  Jessica (D:3)
  6 iguanas
  3 sleepcaps
  6 orc wizards
  8 mummies (Ossuary)
  10 gnolls
  7 adders
  A shadow imp (D:8)
  3 ufetubi
  2 worms
  3 dart slugs
  14 orcs
  7 endoplasms
  A giant cockroach (D:3)
  A gnoll zombie (Ossuary)
  7 goblins
  4 hobgoblins
  6 jackals
  9 kobolds
  3 quokkas
  3 ball pythons
  2 bats
  6 frilled lizards
  5 hobgoblin zombies (Ossuary)
  2 orc zombies (Ossuary)
  5 rats
172 creatures vanquished.

Notes
Turn   | Place    | Note
-------+----------+-------------------------------------------
     0 | D:1      | cdecastro the Troll Fighter began the quest for the Orb.
     0 | D:1      | Reached XP level 1. HP: 22/22 MP: 0/0
   197 | D:1      | Reached XP level 2. HP: 29/29 MP: 1/1
   236 | D:1      | Found Terafejar's Jewellery Shoppe.
   690 | D:2      | Reached XP level 3. HP: 37/37 MP: 2/2
  1073 | D:2      | Found a faded altar of an unknown god.
  1297 | D:2      | Prayed at the altar of an unknown god.
  1297 | D:2      | Became a worshipper of the Shining One
  1297 | D:2      | Reached * piety under the Shining One
  1324 | D:3      | Identified the +0 leather armour of the Nightingale {Harm
                  | Int+3 Slay-2}
  1390 | D:3      | Found a burning altar of Makhleb.
  1392 | D:3      | Noticed an Executioner
  1649 | D:3      | Noticed Jessica
  1652 | D:3      | Killed Jessica
  1653 | D:3      | Reached XP level 4. HP: 48/48 MP: 3/3
  1712 | D:3      | Reached skill level 1 in Maces & Flails
  1722 | D:3      | Reached XP level 5. HP: 54/54 MP: 4/4
  2017 | D:3      | Found a glowing silver altar of Zin.
  2017 | D:3      | Noticed an angel
  2146 | D:4      | Reached skill level 2 in Maces & Flails
  2281 | D:4      | Found a sand-covered staircase.
  2291 | Ossuary  | Entered an ossuary
  2293 | Ossuary  | Reached ** piety under the Shining One
  2353 | Ossuary  | Reached XP level 6. HP: 13/65 MP: 3/5
  2447 | Ossuary  | Reached skill level 5 in Fighting
  2626 | D:4      | Reached *** piety under the Shining One
  2756 | D:4      | Found a runed translucent gate.
  2759 | D:4      | Found a runed translucent gate.
  2759 | D:4      | Found a runed translucent gate.
  2759 | D:4      | Noticed DemonSlayer's ghost (amateur DsEE)
  2917 | D:4      | Identified the ring "Nibuqeclu" {Fire +Blink rPois Slay-3}
  3161 | D:5      | Entered Level 5 of the Dungeon
  3257 | D:5      | Noticed an orc warrior
  3343 | D:5      | Noticed Prince Ribbit
  3355 | D:5      | Killed Prince Ribbit
  3356 | D:5      | Reached skill level 3 in Maces & Flails
  3356 | D:5      | Reached XP level 7. HP: 55/72 MP: 6/6
  3475 | D:5      | Reached skill level 4 in Maces & Flails
  3810 | D:5      | Reached skill level 5 in Maces & Flails
  4225 | D:6      | Found a staircase to the Ecumenical Temple.
  4270 | D:6      | Reached XP level 8. HP: 79/83 MP: 7/7
  4339 | Temple   | Entered the Ecumenical Temple
  4618 | D:6      | Reached skill level 6 in Maces & Flails
  5099 | D:6      | Reached skill level 7 in Maces & Flails
  5322 | D:7      | Noticed Maggie
  5322 | D:7      | Reached **** piety under the Shining One
  5334 | D:7      | Killed Maggie
  5335 | D:7      | Reached XP level 9. HP: 24/93 MP: 6/8
  5337 | D:7      | Reached skill level 8 in Maces & Flails
  6375 | D:8      | Identified the +4 robe of a bazaar {rCorr MP+9 Stlth-}
  6481 | D:8      | Noticed Pikel
  6494 | D:8      | Identified the +10 falchion of Infinity {pain, *Corrode
                  | rN++}
  6509 | D:8      | Killed Pikel
  6510 | D:8      | Reached skill level 9 in Maces & Flails
  6804 | D:8      | Reached skill level 10 in Maces & Flails
  6804 | D:8      | Reached XP level 10. HP: 103/104 MP: 9/9
  7026 | D:8      | Noticed Gastronok
  7046 | D:8      | Killed from afar by Gastronok

Illustrated notes

Levels and vault maps discovered:
D:1:      matt_arrival_spirals, layout_rooms, serial_shops, shop
D:2:      layout_basic, chequers_ecumenical_altar_twisty
D:3:      layout_loops_cross, grunt_temple_overflow_order_and_chaos_2,
          st_stairs_14, uniq_jessica
D:4:      layout_loops_ring, lightli_ossuary_entry_decrepit_ruins,
          gammafunk_ghost_nasty_kobolds
D:5:      layout_loops_corners, uniq_prince_ribbit1
D:6:      layout_basic, minmay_temple_entry_arrows, grunt_decor_fettered,
          minmay_statues_item, chequers_decorated_corner
D:7:      layout_layer_cave, uniq_maggie
D:8:      layout_basic, uniq_gastronok, uniq_pikel
Temple:   compressed_dpeg_triangle_lava_temple

Skill      XL: |  1  2  3  4  5  6  7  8  9 |
---------------+----------------------------+-----
Fighting       | 3 4 5 6 7 8 |  8.2
Maces & Flails | 1 2 3 5 7 10 | 10.1
Dodging        | |  2.4
Shields        | |  2.6
Unarmed Combat | |  2.8

Action                     |  1- 3 |  4- 6 |  7- 9 | 10-12 || total
---------------------------+-------+-------+-------+-------++-------
  Melee: Unarmed           |   105 |   126 |   371 |    27 ||   629
 Invoke: Divine Shield     |       |     1 |     2 |       ||     3
    Use: Potion            |       |     1 |     1 |       ||     2
         Scroll            |       |     6 |       |       ||     6
 Armour: Robe              |    42 |    18 |    35 |       ||    95
         Swamp dragon scal |       |       |    64 |    18 ||    82
  Dodge: Dodged            |    36 |    38 |   119 |    15 ||   208
  Block: Kite shield       |    36 |    43 |   170 |    17 ||   266
